 Dungeon Crawl Stone Soup version 0.18.1-48-g4cf74bf (webtiles) character file.

71 DungeonyCrawlthano the Insei (level 4, 0/35 HPs)
             Began as a Demonspawn Monk on Aug 12, 2016.
             Slain by an orc
             ... wielding a +0 club
              (4 damage)
             ... on level 3 of the Dungeon.
             The game lasted 00:02:12 (1739 turns).

DungeonyCrawlthano the Insei (Demonspawn Monk)      Turns: 1739, Time: 00:02:13

Health: 0/35       AC:  3    Str: 11    XL:     4   Next: 5%
Magic:  4/4        EV: 13    Int: 12    God:
Gold:   90         SH:  0    Dex: 18    Spells: 0 memorised, 3 levels left

rFire  . . .     SeeInvis .       - Unarmed
rCold  + . .     Gourm    .     a - +1 robe
rNeg   + . .     Faith    .     (no shield)
rPois  .         Spirit   .     (no helmet)
rElec  .         Dismiss  .     (no cloak)
rCorr  .         Reflect  .     (no gloves)
SustAt .         Harm     .     (no boots)
MR     .....                    (no amulet)
Stlth  +++.......               (no ring)
                                c - ring of positive energy

@: not resistant to hostile enchantments, fairly stealthy
A: thin skeletal structure 1, cold resistance 1, spiny 1
a: no special abilities


You were on level 3 of the Dungeon.
You were not hungry.

You visited 1 branch of the dungeon, and saw 3 of its levels.

You collected 90 gold pieces.

Inventory:

Armour
 a - a +1 robe (worn)
Jewellery
 c - a ring of positive energy (left hand)
Wands
 i - a wand of acid (10/15)
Scrolls
 k - a scroll of teleportation
Potions
 e - 2 potions of mutation {unknown}
 g - a potion of heal wounds {unknown}
 l - a potion of berserk rage {unknown}
Comestibles
 b - 2 bread rations
 d - a beef jerky
 h - a royal jelly


   Skills:
 - Level 3.0 Fighting
 - Level 2.6 Dodging
 - Level 1.7 Stealth
 + Level 5.1 Unarmed Combat


You had 3 spell levels left.
You didn't know any spells.

Dungeon Overview and Level Annotations

Branches:
Dungeon (3/15)

Altars:
Elyvilon
Yredelemnul


Innate Abilities, Weirdness & Mutations

You have a somewhat thin skeletal structure (Dex +2, Stealth).
Your flesh is cold resistant.
You are partially covered in sharp spines.


Message History

The orc wizard hits you but does no damage.
The orc priest invokes the aid of Beogh against you.
Beogh smites you!
You hit the orc wizard.
The orc wizard is moderately wounded.
The orc wizard gestures at you while chanting.
The magic dart hits you!
You hit the orc wizard.
The orc wizard is heavily wounded.
The orc wizard gestures wildly while chanting.
The orc wizard flickers and vanishes!
Deactivating autopickup; reactivate with Ctrl-A.
The orc wizard hits you but does no damage.
The orc priest mumbles some strange prayers to Beogh against you.
Beogh smites you!
* * * LOW HITPOINT WARNING * * *
The orc is struck by your spines.
You kill the orc!
The orc hits you with a club.
You die...

#...........
#...........
#...........
#...........
#.......{...
#....o......
#)oo(.# .
#@).# .##
#.###### ..#
#.####.###.#
#.#.....##.#
###...###..#.#
#..>.##
##...######
#...##
##.......##
#.†##
##.####.##
#..# #.## #...


You could see an orc priest, an orc wizard and an orc.

Vanquished Creatures
  2 adders
  A worm (D:3)
  3 giant geckos
  An orc (D:3)
  4 goblins (D:1)
  6 hobgoblins
  3 jackals (D:3)
  A quokka (D:3)
  A ball python (D:3)
  12 bats
  A giant newt (D:1)
  5 kobolds
  3 rats
43 creatures vanquished.

Notes
Turn   | Place    | Note
--------------------------------------------------------------
     0 | D:1      | DungeonyCrawlthano the Demonspawn Monk began the quest for the Orb.
     0 | D:1      | Reached XP level 1. HP: 18/18 MP: 1/1
   286 | D:1      | Reached skill level 4 in Unarmed Combat
   326 | D:1      | Gained mutation: Your flesh is cold resistant. [demonic ancestry]
   326 | D:1      | Reached XP level 2. HP: 21/24 MP: 2/2
   858 | D:2      | Gained mutation: You are partially covered in sharp spines. [demonic ancestry]
   858 | D:2      | Reached XP level 3. HP: 25/29 MP: 3/3
  1218 | D:2      | Found a white marble altar of Elyvilon.
  1272 | D:2      | Found a basalt altar of Yredelemnul.
  1380 | D:3      | Reached skill level 5 in Unarmed Combat
  1569 | D:3      | Gained mutation: You have a somewhat thin skeletal structure (Dex +2, Stealth). [demonic ancestry]
  1569 | D:3      | Reached XP level 4. HP: 17/35 MP: 4/4
  1739 | D:3      | Slain by an orc

Skill      XL: |  1  2  3 |
---------------+----------+-----
Unarmed Combat | 4 5 |  5.1
Fighting       | |  3.0
Dodging        | |  2.6
Stealth        | |  1.7

Action                   |  1- 3 |  4- 6 || total
-------------------------+-------+-------++-------
Melee: Unarmed           |   105 |     5 ||   110
       Punch             |     2 |       ||     2
  Use: Scroll            |     6 |       ||     6
 Stab: Sleeping          |     7 |       ||     7
  Eat: Chunk             |     2 |     1 ||     3
Armor: Robe              |    21 |     1 ||    22
Dodge: Dodged            |    86 |     2 ||    88
